 Dungeon Crawl Stone Soup version 0.26-a0-1033-gd598b01645 (webtiles) character file.

Game seed: 770525165044620323

3101 robertstho the Grappler (level 9, -1/87 HPs)
             Began as a Troll Fighter on Dec 10, 2020.
             Was an Initiate of Okawaru.
             Killed by divine providence
             ... invoked by an orc priest
              (10 damage)
             ... on level 8 of the Dungeon.
             The game lasted 00:08:17 (5331 turns).

robertstho the Grappler (Troll Fighter)             Turns: 5331, Time: 00:08:19

Health: -1/87      AC:  7    Str: 27    XL:     9   Next: 59%
Magic:  8/8        EV: 10    Int:  7    God:    Okawaru [......]
Gold:   210        SH:  9    Dex: 10    Spells: 8/8 levels left

rFire    . . .     SeeInvis .   u - +2 spear of Severance {venom, rN+ Int+2}
rCold    . . .     Faith    .   b - +0 kite shield
rNeg     + . .     Spirit   .   a - +0 robe
rPois    .         Reflect  .   (helmet restricted)
rElec    .         Harm     .   r - +0 cloak
rCorr    .         Rampage  .   (gloves unavailable)
Will     .....                  (boots unavailable)
Stlth    ++........             (no amulet)
HPRegen  0.64/turn              c - ring of stealth
MPRegen  0.11/turn              (no ring)

@: mighty, lethally poisoned (-1 -> -2), studying Polearms
A: large, unfitting armour, claws 3, regeneration 1, shaggy fur 1, tough skin 3
a: Renounce Religion


You were on level 8 of the Dungeon.
You worshipped Okawaru.
Okawaru was noncommittal.
You visited 2 branches of the dungeon, and saw 9 of its levels.

You collected 264 gold pieces.
You spent 54 gold pieces at shops.

Inventory:

Hand Weapons
 u - the +2 spear of Severance (weapon) {venom, rN+ Int+2}
   (You found it on level 7 of the Dungeon)

   It poisons the flesh of those it strikes.
   It affects your intelligence (+2).
   It protects you from negative energy.
Armour
 a - a +0 robe (worn)
 b - a +0 kite shield (worn)
 j - the +1 robe of Ucoiblug {rF++ rC- Int+8 Slay-4}
   (You found it on level 6 of the Dungeon)

   It affects your intelligence (+8).
   It affects your accuracy and damage with ranged weapons and melee attacks
   (-4).
   It greatly protects you from fire.
   It makes you vulnerable to cold.
 r - a +0 cloak (worn)
Jewellery
 c - a ring of stealth (left claw)
 t - an uncursed ring of protection from cold {unknown}
Scrolls
 d - a scroll of enchant weapon {unknown}
 f - 4 scrolls of blinking {unknown}
 g - 2 scrolls of teleportation
 h - 2 scrolls of remove curse
 i - a scroll of immolation {unknown}
 k - 2 scrolls of random uselessness {unknown}
 m - a scroll of noise {unknown}
Potions
 e - 3 potions of curing
 n - 2 potions of attraction
 p - a potion of resistance
 q - a potion of heal wounds {unknown}
 s - a potion of haste
Books
 o - a manual of Polearms


   Skills:
 * Level 4.9 Fighting
 * Level 2.2 Polearms
 + Level 4.5 Dodging
 + Level 1.2 Stealth
 + Level 4.3 Shields
 * Level 10.3 Unarmed Combat
 * Level 0.2 Invocations


You had 8 spell levels left.
You didn't know any spells.
Your spell library contained the following spells:

 Spells                   Type           Power        Failure   Level
 Beastly Appendage        Tmut           #.....       77%         1
 Corona                   Hex            #......      77%         1
 Foxfire                  Conj/Fire      #...         77%         1
 Slow                     Hex            #.......     88%         2
 Wereblood                Tmut           #.......     88%         2
 Conjure Flame            Conj/Fire      #.......     98%         3
 Inner Flame              Hex/Fire       #.......     98%         3
 Portal Projectile        Hex/Tloc       #.....       98%         3
 Spider Form              Tmut/Pois      #.........   98%         3
 Cause Fear               Hex            #.........   100%        4
 Ice Form                 Ice/Tmut       #.......     100%        4
 Leda's Liquefaction      Hex/Erth       #.........   100%        4
 Sticky Flame             Conj/Fire      #.......     100%        4
 Blade Hands              Tmut           #.........   100%        5
 Fireball                 Conj/Fire      #.........   100%        5


Dungeon Overview and Level Annotations

Branches:
Dungeon (8/15)             Temple (1/1) D:7
   Lair: D:8-11

Altars:
Elyvilon
Fedhas
Okawaru
Trog
Wu Jian
The Shining One

Shops:
D:4 :   D:5 *   D:8 [


Innate Abilities, Weirdness & Mutations

You are too large for most types of armour.
You have claws for hands.
Your natural rate of healing is unusually fast.
You are covered in fur. (AC +1)
You have extremely tough skin. (AC +3)


Message History

Unknown command.
You feel sick.
You feel sick.
You feel sick.
You feel very mighty all of a sudden.
You feel sick. You block the orc's attack.
You puncture the orc!
You kill the orc!
Okawaru accepts your kill.
You feel sick.
You barely miss the orc warrior.
You feel sick. You block the orc warrior's attack.
The orc priest shouts!
You puncture the orc warrior!
The orc warrior is poisoned.
The orc warrior is moderately wounded.
The orc warrior hits you with a +0 battleaxe!!
* * * LOW HITPOINT WARNING * * *
The orc priest invokes the aid of Beogh against you.
Beogh smites you!
You die...

####..o..∩..#
#...........#
#...........#
#........o..#
#.....>.o...####
#....#.#oZ.....#
### #o#o#####.#
#o#o#<..#
#.#@#.#.#
#.#.###.#
#.#....>#
#.#######


You could see 2 orc warriors, 2 orc priests, an orc and a wyvern zombie.

Vanquished Creatures
  Joseph (D:7)
  Sigmund (D:3)
  Menkaure (D:5)
  Duvessa (D:7)
  A water moccasin (D:8)
  2 ice beasts
  3 phantoms
  3 ogres
  2 centaurs (D:4)
  A big kobold (D:7)
  2 bullfrogs
  Dowan (D:7)
  2 scorpions
  5 wights (D:6)
  A howler monkey (D:4)
  A bullfrog zombie (D:7)
  A centaur skeleton (D:7)
  4 orc priests
  A jelly (D:7)
  8 orc wizards
  5 worker ants
  2 hound skeletons (D:4)
  Robin (D:3)
  A worker ant zombie (D:5)
  6 adders
  A shadow imp (D:7)
  3 white imps
  2 ufetubi (D:7)
  An ooze (D:2)
  An adder skeleton (D:4)
  4 worms
  A dart slug (D:1)
  2 leopard geckos (D:4)
  25 orcs
  5 giant cockroaches
  13 goblins
  5 hobgoblins
  16 jackals
  8 kobolds
  6 quokkas
  2 ball pythons
  7 bats
  4 frilled lizards (D:1)
  2 jackal skeletons
  A jackal zombie (D:5)
  A quokka zombie (D:7)
  4 rats
171 creatures vanquished.

Notes
Turn   | Place    | Note
-------+----------+-------------------------------------------
     0 | D:1      | robertstho the Troll Fighter began the quest for the Orb.
     0 | D:1      | Reached XP level 1. HP: 22/22 MP: 0/0
   152 | D:1      | Reached XP level 2. HP: 29/29 MP: 1/1
   574 | D:2      | Reached XP level 3. HP: 36/36 MP: 2/2
   736 | D:2      | Reached skill level 3 in Unarmed Combat
   978 | D:2      | Reached XP level 4. HP: 44/44 MP: 3/3
  1338 | D:3      | Noticed Robin
  1374 | D:3      | Killed Robin
  1375 | D:3      | Reached XP level 5. HP: 33/52 MP: 4/4
  1393 | D:3      | Noticed Sigmund
  1398 | D:3      | Killed Sigmund
  1399 | D:3      | Reached skill level 4 in Unarmed Combat
  1399 | D:3      | Reached XP level 6. HP: 44/61 MP: 5/5
  1438 | D:3      | You fall into a shaft and drop 1 floor!
  1484 | D:4      | Found Kymaum's Book Shop.
  1516 | D:4      | Reached skill level 5 in Unarmed Combat
  1685 | D:4      | Reached XP level 7. HP: 31/67 MP: 6/6
  1787 | D:4      | Reached skill level 6 in Unarmed Combat
  2277 | D:4      | Found a blossoming altar of Fedhas.
  2522 | D:5      | Entered Level 5 of the Dungeon
  2668 | D:5      | Reached skill level 7 in Unarmed Combat
  2844 | D:5      | Noticed Menkaure
  2854 | D:5      | Killed Menkaure
  2855 | D:5      | Reached XP level 8. HP: 39/78 MP: 7/7
  3068 | D:5      | Found Xoduasop's General Store.
  3078 | D:5      | Bought a +0 cloak for 54 gold pieces
  3591 | D:6      | Reached skill level 8 in Unarmed Combat
  3824 | D:6      | Got a distressingly furry robe
  3834 | D:6      | Identified the +1 robe of Ucoiblug {rF++ rC- Int+8 Slay-4}
                  | (You found it on level 6 of the Dungeon)
  4110 | D:6      | Reached skill level 1 in Stealth
  4110 | D:6      | Reached skill level 9 in Unarmed Combat
  4277 | D:6      | Found a white marble altar of Elyvilon.
  4450 | D:7      | Noticed Dowan
  4451 | D:7      | Noticed Duvessa
  4462 | D:7      | Killed Duvessa
  4463 | D:7      | Reached XP level 9. HP: 72/85 MP: 8/8
  4473 | D:7      | Killed Dowan
  4571 | D:7      | Noticed Joseph
  4580 | D:7      | Found a bloodstained altar of Trog.
  4600 | D:7      | Killed Joseph
  4712 | D:7      | Reached skill level 10 in Unarmed Combat
  4858 | D:7      | Got a fine spear
  4858 | D:7      | Identified the +2 spear of Severance {venom, rN+ Int+2}
                  | (You found it on level 7 of the Dungeon)
  5014 | D:7      | Reached skill level 1 in Polearms
  5086 | D:7      | Found a glowing golden altar of the Shining One.
  5115 | D:7      | Found a staircase to the Ecumenical Temple.
  5264 | Temple   | Entered the Ecumenical Temple
  5272 | Temple   | Became a worshipper of Warmaster Okawaru
  5308 | D:8      | Found Zyrgha Etzus's Antique Armour Boutique.
  5331 | D:8      | Killed from afar by an orc priest

Illustrated notes

Levels and vault maps discovered:
D:1:      dpeg_arrival_chambers_temple_mockup, layout_rooms,
          chequers_serial_rivers_marsh, minmay_lizard_pond
D:2:      layout_loops_ring
D:3:      layout_rooms, hangedman_decor_peaks_small, uniq_sigmund, uniq_robin
D:4:      minmay_spotlight, layout_basic, nicolae_overflow_crystal_walls,
          serial_shops, kennysheep_little_box, minmay_manual_mares
D:5:      layout_basic, serial_shops, shop_fountains, uniq_menkaure
D:6:      layout_loops_cross, overflow_temple_1_default
D:7:      layout_loops_ring, tso_altar, lemuel_doored_altar,
          minmay_temple_entry_antechambers, uniq_joseph, uniq_duvessa
D:8:      kennysheep_big_flooded_room, layout_basic, serial_shops, shop,
          uniq_maggie, uniq_grum
Temple:   minmay_crystal_spiral_temple

Skill      XL: |  1  2  3  4  5  6  7  8  9 |
---------------+----------------------------+-----
Unarmed Combat | 3 4 5 7 9 10 | 10.3
Fighting       | 3 4 |  4.9
Dodging        | 3 4 |  4.5
Shields        | 3 4 |  4.3
Stealth        | 1 |  1.2
Polearms       | 2 |  2.2
Invocations    | |  0.2

Action                   |  1- 3 |  4- 6 |  7- 9 || total
-------------------------+-------+-------+-------++-------
Melee: Unarmed           |   106 |   117 |   275 ||   498
       Spear             |       |       |    68 ||    68
  Use: Scroll            |       |       |     9 ||     9
       Potion            |       |       |     7 ||     7
 Stab: Sleeping          |     1 |       |     7 ||     8
Armor: Robe              |    47 |    51 |    82 ||   180
Dodge: Dodged            |    37 |    34 |    77 ||   148
Block: Kite shield       |    44 |    57 |   108 ||   209

Table legend: (Time is in decaauts)
 A = Elapsed time spent in this place.
 B = Non-inter-level travel time spent in this place.
 C = Inter-level travel time spent in this place.
 D = Time resting spent in this place.
 E = Time spent auto-exploring this place.
 F = Levels seen in this place.
 G = Mean time per level.
                   A        B        C        D        E       F      G
               +--------+--------+--------+--------+--------+-----+--------+
         Total |   5318 |   5177 |    141 |    166 |   3931 |   9 |  590.9 |
       Dungeon |   5302 |   5169 |    133 |    166 |   3925 |   8 |  662.8 |
        Temple |     15 |      8 |      7 |      0 |      6 |   1 |   15.0 |
               +--------+--------+--------+--------+--------+-----+--------+

Top non-repeatable levels by time:
     D:4: 1079 daAuts
     D:5: 1021 daAuts
     D:6: 875 daAuts
     D:7: 849 daAuts
     D:2: 683 daAuts
     D:1: 542 daAuts
     D:3: 218 daAuts
     D:8: 32 daAuts
  Temple: 15 daAuts
